 Dungeon Crawl Stone Soup version 0.30-a0-509-gd016549fea (webtiles) character file.

Game seed: 4157785805419727144

1745 hikkokomori the Cleaver (level 9, -3/72 (74) HPs)
             Began as a Formicid Fighter on Dec 23, 2022.
             Slain by a wight
             ... wielding a +2 halberd
              (16 damage)
             ... on level 6 of the Dungeon.
             The game lasted 00:11:37 (4366 turns).

hikkokomori the Cleaver (Formicid Fighter)          Turns: 4366, Time: 00:11:38

HP:   -3/72 (74)    AC:  6    Str: 24    XL:     9   Next: 26%
MP:   9/9           EV:  9    Int:  9    God:
Gold: 284           SH:  5    Dex: 13    Spells: 6/8 levels left

rFire   . . .      SeeInvis +    z - +4 mace "Jiva" {flame, SInv}
rCold   . . .      Faith    .    c - +0 buckler
rNeg    . . .      Spirit   .    b - +0 scale mail
rPois   +          Reflect  .    (helmet unavailable)
rElec   .          Harm     .    (no cloak)
rCorr   .          Rampage  .    (no gloves)
Will    .....                    (no boots)
Stlth   ..........               l - amulet of regeneration
HPRegen 1.12/turn                v - ring of poison resistance
MPRegen 0.11/turn                (no ring)

@: studying Axes, lightly drained
A: permanent stasis, dig shafts and tunnels, antennae 3, four strong arms
a: Dig, Shaft Self


You were on level 6 of the Dungeon.
You visited 2 branches of the dungeon, and saw 7 of its levels.

You collected 284 gold pieces.

Inventory:

Hand Weapons
 a - a +0 war axe
 z - the +4 mace "Jiva" (weapon) {flame, SInv}
   (You found it on level 5 of the Dungeon)

   It burns those it strikes, dealing additional fire damage.
   SInv:      It lets you see invisible.
Missiles
 f - 3 datura-tipped darts
 h - a throwing net
Armour
 b - a +0 scale mail (worn)
 c - a +0 buckler (worn)
Jewellery
 l - an amulet of regeneration (around neck)
 p - an amulet of guardian spirit
 v - a ring of poison resistance (left hand)
Wands
 C - a wand of flame (15)
Scrolls
 d - 2 scrolls of fog
 g - 2 scrolls of vulnerability {unknown}
 i - a scroll of amnesia {unknown}
 j - a scroll of noise
 k - 4 scrolls of magic mapping
 m - 2 scrolls of silence
 n - a scroll of blinking {unknown}
 o - 4 scrolls of teleportation
 q - a scroll of enchant armour {unknown}
 y - a scroll of immolation {unknown}
 A - a scroll of identify
Potions
 e - 3 potions of curing
 r - 2 potions of brilliance
 s - 3 potions of flight
 t - 2 potions of lignification
 u - a potion of haste {unknown}
 w - a potion of attraction {unknown}
 B - 2 potions of resistance {unknown}


   Skills:
 + Level 7.9 Fighting
 + Level 8.1 Axes
 - Level 3.3 Armour
 - Level 5.1 Shields
 + Level 6.3 Transmutations


You had 6 spell levels left.
You knew the following spells:

 Your Spells              Type           Power      Damage    Failure   Level
a - Wereblood             Tmut           11%        N/A       13%         2

Your spell library contained the following spells:

 Spells                   Type           Power      Damage    Failure   Level
 Beastly Appendage        Tmut           22%        N/A       9%          1
 Passwall                 Tmut/Erth      4%         N/A       43%         2
 Spider Form              Tmut/Pois      5%         N/A       67%         3
 Necrotise                Necr           0%         1d4       75%         1
 Sandblast                Erth           0%         2d4       75%         1
 Shock                    Conj/Air       0%         1d3       75%         1
 Gell's Gravitas          Tloc           0%         N/A       98%         3
 Lesser Beckoning         Tloc           0%         N/A       98%         3
 Ozocubu's Armour         Ice            0%         N/A       98%         3
 Stone Arrow              Conj/Erth      0%         3d7       98%         3
 Teleport Other           Tloc           0%         N/A       98%         3
 Vampiric Draining        Necr           0%         2d6       98%         3
 Airstrike                Air            0%         2d(0-16)  100%        4
 Agony                    Necr           0%         N/A       100%        5
 Conjure Ball Lightning   Conj/Air       0%         3x3d7     100%        6
 Ozocubu's Refrigeration  Ice            0%         4d7       100%        7
 Discord                  Hex            0%         N/A       100%        8
 Disjunction              Tloc           0%         N/A       100%        8
 Swiftness                Air            Unusable   N/A       N/A         3

Dungeon Overview and Level Annotations

Branches:
Dungeon (6/15)             Temple (1/1) D:4

Altars:
Cheibriados
Dithmenos
Kikubaaqudgha
Makhleb
Nemelex Xobeh
Qazlal
Ru
Sif Muna
Trog
Uskayaw
Vehumet
Yredelemnul
The Shining One

Shops:
D:1 ?   D:4 =

Annotations:
D:3 1 runed translucent door, Crazy Yiuf


Innate Abilities, Weirdness & Mutations

You cannot be hasted, slowed, berserked, paralysed or teleported.
You can dig through walls and to a lower floor.
You have a pair of large antennae on your head. (SInv)
Your four strong arms can wield two-handed weapons with a shield.


Message History

You see here a scroll labelled YNYCU HITOMNY.
As you read the scroll labelled YNYCU HITOMNY, it crumbles to dust.
The scroll dissolves into smoke.
It was a scroll of fog.
The orc hits you with a +0 mace.
Unknown command.
The orc attacks as you move away! The orc hits you but does no damage.
Aiming: Polymorph
Press: ? - help, Shift-Dir - straight line, f - orc
Aim: an orc, wielding a +0 mace (grey smoke, will become a rat, a quokka, or a ball python, chance to affect: 66%)
The orc evaporates and reforms as a quokka!
The now-empty wand crumbles to dust.
The wight hits you from afar with a +2 halberd!
* * * LOW HITPOINT WARNING * * *
You feel drained.
* * * LOW HITPOINT WARNING * * *
You block the quokka's attack.
Unknown command.
You barely miss the quokka. The wight closely misses you.
You block the quokka's attack.
Unknown command.
You completely miss the quokka.
The quokka bites you but does no damage.
You block the wight's attack.
Unknown command.
You hit the quokka but do no damage. The quokka closely misses you.
The wight hits you from afar with a +2 halberd.
* * * LOW HITPOINT WARNING * * *
The quokka bites you.
* * * LOW HITPOINT WARNING * * *
The wight closely misses you.
Unknown command.
You hit the quokka. You burn the quokka.
You kill the quokka!
The orc returns to its original shape as it dies.
The wight hits you from afar with a +2 halberd!
* * * LOW HITPOINT WARNING * * *
Unknown command.
You feel better.
The wight hits you from afar with a +2 halberd!
You die...

#.#.# .#
#.#.# #
#.#.#
#.#.#
#.#.#
#.#.#
#.#.#
#.#{######
#.#{{{z§@#
#.########
#.# #.#
#.# #.#
#.# #<#
###


You could see a wight.

Vanquished Creatures
  Sigmund (D:3)
  2 ice beasts (D:5)
  2 ogres
  3 black bears
  3 centaurs
  A scorpion (D:5)
  2 wights (D:6)
  2 hounds
  A jelly (D:5)
  An orc priest (D:4)
  4 iguanas
  4 orc wizards
  5 gnolls
  8 adders
  An ufetubus (D:6)
  A worm (D:2)
  3 dart slugs
  5 orcs
  5 ball pythons
  2 endoplasms
  A giant cockroach (D:1)
  12 goblins
  12 hobgoblins
  9 jackals
  9 kobolds
  5 quokkas
  5 bats
  2 frilled lizards (D:1)
  6 rats
117 creatures vanquished.

Vanquished Creatures (collateral kills)
  A kobold (D:3)
1 creature vanquished.

Vanquished Creatures (others)
  A fungus (D:3)
1 creature vanquished.

Grand Total: 119 creatures vanquished

Notes
Turn   | Place    | Note
-------+----------+-------------------------------------------
     0 | D:1      | hikkokomori the Formicid Fighter began the quest for the
                  | Orb.
     0 | D:1      | Reached XP level 1. HP: 18/18 MP: 1/1
   134 | D:1      | Reached XP level 2. HP: 24/24 MP: 2/2
   204 | D:1      | Reached XP level 3. HP: 7/30 MP: 3/3
   458 | D:1      | Found Huthy's Magic Scroll Boutique.
   780 | D:2      | Reached XP level 4. HP: 23/37 MP: 4/4
   832 | D:2      | Found a shimmering blue altar of Sif Muna.
   957 | D:2      | Reached skill level 3 in Axes
  1022 | D:2      | Reached skill level 5 in Shields
  1359 | D:3      | Found a faded altar of an unknown god.
  1362 | D:3      | Reached XP level 5. HP: 42/42 MP: 5/5
  1385 | D:3      | Found a basalt altar of Yredelemnul.
  1426 | D:3      | Found a radiant altar of Vehumet.
  1490 | D:3      | Learned a level 2 spell: Wereblood
  1495 | D:3      | Identified the +3 chain mail of Qiurai {Harm +Blink rCorr}
  1611 | D:3      | Reached skill level 1 in Transmutations
  1842 | D:3      | Noticed Sigmund
  1930 | D:3      | Killed Sigmund
  1931 | D:3      | Reached skill level 5 in Fighting
  1931 | D:3      | Reached skill level 4 in Axes
  1931 | D:3      | Reached XP level 6. HP: 47/51 MP: 6/6
  2011 | D:3      | Found a runed translucent door.
  2012 | D:3      | Noticed Crazy Yiuf
  2539 | D:4      | Noticed an ogre
  2756 | D:4      | Noticed a black bear
  2758 | D:4      | Noticed a black bear
  2763 | D:4      | Killed a black bear
  2764 | D:4      | Reached XP level 7. HP: 51/56 MP: 7/7
  2955 | D:4      | Reached skill level 5 in Axes
  2955 | D:4      | Reached XP level 8. HP: 41/64 MP: 8/8
  3112 | D:4      | Found Jyimei's Jewellery Emporium.
  3140 | D:4      | Found a staircase to the Ecumenical Temple.
  3162 | Temple   | Entered the Ecumenical Temple
  3499 | D:5      | Entered Level 5 of the Dungeon
  3553 | D:5      | Identified the +4 mace "Jiva" {flame, SInv}
  3639 | D:5      | Identified the +2 ring mail of the Equator {Dex+4}
  3679 | D:5      | Reached skill level 6 in Axes
  3681 | D:5      | HP: 2/65 [acid (8)]
  3683 | D:5      | Reached skill level 5 in Transmutations
  3824 | D:5      | Found a shadowy altar of Dithmenos.
  3861 | D:5      | Found a hide-covered altar of Uskayaw.
  3869 | D:5      | Reached skill level 7 in Axes
  4078 | D:5      | Reached XP level 9. HP: 69/72 MP: 9/9
  4255 | D:6      | Found a stormy altar of Qazlal.
  4321 | D:6      | Reached skill level 8 in Axes
  4365 | D:6      | HP: 3/72 [wight/+2 halberd (11)]
  4366 | D:6      | Slain by a wight

Illustrated notes

Levels and vault maps discovered:
D:1:      lordsloth_arrival_two_stooges, layout_rooms, serial_shops, shop,
          serial_rivers, chequers_serial_rivers_room_a,
          chequers_serial_rivers_small_b, chequers_serial_rivers_small_3,
          chequers_serial_rivers_micro_d
D:2:      layout_rooms, basic_altar, nicolae_elevator_lobby_asterisk
D:3:      layout_basic, mainiacjoe_overflow_six_doors_small,
          nicolae_vehumet_altar_sigil, shapermc_ecumenical_altar_acropolis,
          uniq_crazy_yiuf_cottage, uniq_sigmund
D:4:      layout_cave_pools, minmay_temple_entry_overgrown, serial_shops,
          shop_fountains, chequers_serial_rivers_marsh, st_stairs_1,
          minmay_manual_mandibuliform
D:5:      layout_rooms, kennysheep_little_box, old_standard_altar
D:6:      layout_basic, grunt_qazlal_sundering,
          nicolae_hepliaklqana_hazy_memory, mainiacjoe_overflow_catwalk_spiral,
          serial_glass, glass_columns_a, glass_columns_a, interstate_on_off,
          hangedman_decor_opposing
Temple:   nicolae_temple_ecumenical_triangle

Skill      XL: |  1  2  3  4  5  6  7  8  9 |
---------------+----------------------------+-----
Fighting       | 4 5 6 7 |  7.9
Axes           | 3 4 5 7 8 |  8.1
Shields        | 5 |  5.1
Transmutations | 2 3 4 5 6 |  6.3
Armour         | |  3.3

Action                   |  1- 3 |  4- 6 |  7- 9 || total
-------------------------+-------+-------+-------++-------
Melee: War axe           |    72 |   129 |    68 ||   269
       Mace              |       |       |    94 ||    94
Throw: Dart              |       |     1 |       ||     1
 Cast: Wereblood         |       |       |     2 ||     2
 Abil: Dig               |     1 |       |       ||     1
Evoke: Wand              |       |       |     1 ||     1
  Use: Scroll            |       |     6 |     4 ||    10
       Potion            |       |     2 |     3 ||     5
Armor: Scale mail        |    40 |    54 |    77 ||   171
Dodge: Dodged            |    28 |    71 |    73 ||   172
Block: Buckler           |    19 |    31 |    57 ||   107

Table legend: (Time is in decaauts)
 A = Elapsed time spent in this place.
 B = Non-inter-level travel time spent in this place.
 C = Inter-level travel time spent in this place.
 D = Time resting spent in this place.
 E = Time spent auto-exploring this place.
 F = Levels seen in this place.
 G = Mean time per level.
                   A        B        C        D        E       F      G
               +--------+--------+--------+--------+--------+-----+--------+
         Total |   4493 |   4202 |    291 |    155 |   2849 |   7 |  641.9 |
       Dungeon |   4445 |   4154 |    291 |    155 |   2849 |   6 |  740.8 |
        Temple |     47 |     47 |      0 |      0 |      0 |   1 |   47.0 |
               +--------+--------+--------+--------+--------+-----+--------+

Top non-repeatable levels by time:
     D:3: 1467 daAuts
     D:1: 785 daAuts
     D:4: 760 daAuts
     D:5: 643 daAuts
     D:2: 554 daAuts
     D:6: 233 daAuts
  Temple: 47 daAuts
